 Dungeon Crawl Stone Soup version 0.27-a0-1189-gb8eb6cee8e (webtiles) character file.

Game seed: 16854862062338987631

1715 Armakuni the Summoner (level 9, -2/55 HPs)
             Began as a Human Summoner on May 22, 2021.
             Was an Initiate of Gozag.
             Killed by an exploding themself (25 damage)
             ... ignited by their inner flame
             ... on level 7 of the Dungeon.
             The game lasted 00:26:01 (8614 turns).

Armakuni the Summoner (Human Summoner)              Turns: 8614, Time: 00:26:01

Health: -2/55      AC:  5    Str: 11    XL:     9   Next: 24%
Magic:  12/19      EV: 12    Int: 16    God:    Gozag
Gold:   385        SH:  4    Dex: 14    Spells: 11/21 levels left

rFire    . . .     SeeInvis .   a - +5 dagger
rCold    + . .     Faith    .   (no shield)
rNeg     + . .     Spirit   .   m - +2 robe {Will+}
rPois    .         Reflect  .   (no helmet)
rElec    .         Harm     .   (no cloak)
rCorr    .         Rampage  .   j - +0 pair of gloves
Will     ++...                  (no boots)
Stlth    ++........             (no amulet)
HPRegen  0.18/turn              W - ring of willpower
MPRegen  0.16/turn              N - ring of positive energy

@: lethally poisoned (-2 -> -5), gold aura
A: hooves 1, large bone plates 1, cold resistance 1, frail 1
a: Renounce Religion, Potion Petition, Call Merchant, Bribe Branch


You were on level 7 of the Dungeon.
You worshipped Gozag.
Gozag was aware of your devotion.
You visited 2 branches of the dungeon, and saw 8 of its levels.

You collected 596 gold pieces.
You spent 135 gold pieces at shops.
You paid 76 gold pieces to Gozag.

Inventory:

Hand Weapons
 a - a +5 dagger (weapon)
 g - a +0 falchion of electrocution
Missiles
 k - 2 boomerangs of dispersal
 s - a throwing net
Armour
 j - a +0 pair of gloves (worn)
 m - a +2 robe of willpower (worn)
 u - a +0 ring mail
Magical Staves
 p - a staff of cold
 r - a staff of conjuration
Jewellery
 N - a ring of positive energy (right hand)
 W - a ring of willpower (left hand)
Scrolls
 e - a scroll of torment
 f - a scroll of teleportation
 n - a scroll of holy word
 o - 2 scrolls of enchant armour
 t - a scroll of amnesia
 y - 2 scrolls of noise
Potions
 b - 2 potions of ambrosia
 c - 3 potions of curing
 d - a potion of cancellation
 l - 2 potions of resistance
 z - a potion of lignification {unknown}
 A - a potion of brilliance


   Skills:
 - Level 2.3 Fighting
 - Level 2.0 Dodging
 - Level 2.0 Stealth
 - Level 6.8 Spellcasting
 + Level 8.2 Summonings
 - Level 4.0 Air Magic


You had 11 spell levels left.
You knew the following spells:

 Your Spells              Type           Power      Damage    Failure   Level
c - Call Canine Familiar  Summ           31%        N/A       1%          3
g - Summon Guardian Gole  Hex/Summ       18%        N/A       7%          3
l - Summon Lightning Spi  Summ/Air       24%        N/A       11%         4

Your spell library contained the following spells:

 Spells                   Type           Power      Damage    Failure   Level
 Summon Small Mammal      Summ           100%       N/A       1%          1
 Call Imp                 Summ           31%        N/A       1%          2
 Shock                    Conj/Air       44%        1d5       5%          1
 Swiftness                Air            18%        N/A       8%          3
 Static Discharge         Conj/Air       11%        N/A       9%          2
 Corona                   Hex            5%         N/A       13%         1
 Ensorcelled Hibernation  Hex/Ice        10%        N/A       19%         2
 Airstrike                Air            9%         N/A       24%         4
 Summon Ice Beast         Ice/Summ       18%        N/A       24%         4
 Confusing Touch          Hex            5%         N/A       36%         3
 Dazzling Flash           Conj/Hex       10%        N/A       36%         3
 Tukima's Dance           Hex            5%         N/A       36%         3
 Lightning Bolt           Conj/Air       5%         1d17      83%         5


Dungeon Overview and Level Annotations

Branches:
Dungeon (7/15)             Temple (1/1) D:5

Altars:
Ashenzari
Cheibriados
Elyvilon
Fedhas
Gozag
Hepliaklqana
Kikubaaqudgha
Sif Muna
Trog
Uskayaw
Vehumet
Zin
The Shining One

Shops:
D:2 :   D:4 *::*

Annotations:
D:7 Duvessa


Innate Abilities, Weirdness & Mutations

You have large cloven feet.
You are partially covered in large bone plates. (SH +4)
Your flesh is cold resistant. (rC+)
You are frail. (-10% HP)


Message History

The bolt of electricity hits Dowan!
You feel sick.
Your hound misses Dowan.
Dowan hits you with a +0 dagger of venom.
You are more poisoned.
You feel very sick.
Your hound closely misses Dowan.
Dowan misses your hound.
Your hound closely misses Dowan.
Duvessa hits your hound with a +0 short sword!
Unknown command.
You feel very sick.
Your hound bites Dowan.
Dowan dies!
Duvessa screams, "No!
How DARE you!"
Duvessa goes berserk!
Duvessa misses your hound.
You feel very sick.
Your hound barely misses Duvessa.
Duvessa closely misses your hound.
Your hound bites Duvessa but does no damage.
Your lightning spire shoots out a bolt of lightning at Duvessa!
The bolt of electricity hits Duvessa.
You feel sick.
Your hound bites Duvessa.
Duvessa hits your hound with a +0 short sword.
You feel sick.
Your hound closely misses Duvessa.
Duvessa misses your hound.
Your hound barely misses Duvessa.
You feel sick.
Duvessa hits your hound with a +0 short sword!
Your hound barely misses Duvessa.
Duvessa misses your hound.
You feel sick.
Your hound bites Duvessa but does no damage.
Duvessa hits your hound with a +0 short sword!!
Your hound dies!
Your hound's corpse disappears in a puff of smoke!
Duvessa shouts!
You feel sick.
Duvessa hits your guardian golem with a +0 short sword!
Your guardian golem overheats!
Duvessa hits your guardian golem with a +0 short sword!
Your guardian golem explodes!
The fiery explosion engulfs Duvessa!!
The fiery explosion engulfs you!!
You die...
Your body crumbles into a pile of gold.

...# ##.# #..#
#.##############
...............#
#.############8######
#.# #.e§§..# #'##
#.§§§..# ...#
#.§@§..# ...#
#....!.# ...#
#......# ...#
#......+ ...#
#..$...# ...#
#......# ...#
#.###+## #### #..


You could see Duvessa (berserk, ally target) and a friendly lightning spire
(summoned, sheltered).

Vanquished Creatures
  Pikel (D:5)
  An acid dragon (D:6)
  2 lemures (D:5)
  Blork the orc (D:5)
  3 hounds (D:6)
  A bullfrog skeleton (D:6)
  A centaur zombie (D:6)
  An iguana (D:4)
  A scorpion zombie (D:5)
  An orc wizard (D:6)
  A hound skeleton (D:4)
  2 adders
  2 gnolls (D:3)
  A river rat (D:6)
  An ufetubus (D:5)
  A worm (D:6)
  2 dart slugs
  4 orcs
  3 giant cockroaches
  A goblin (D:2)
  3 jackals (D:4)
  3 kobolds
  2 ball pythons
  2 bats
  A frilled lizard (D:1)
  3 rats
45 creatures vanquished.

Vanquished Creatures (collateral kills)
  A cyclops (D:6)
  A black bear (D:4)
  A sky beast (D:6)
  A phantom (D:4)
  A lemure (D:5)
  2 scorpions
  Dowan (D:7)
  A bullfrog zombie (D:5)
  An orc priest (D:5)
  A bullfrog skeleton (D:5)
  2 iguanas
  3 orc wizards
  A gnoll (D:3)
  3 adders
  A river rat (D:6)
  An ufetubus (D:6)
  An adder skeleton (D:4)
  A worm (D:6)
  2 dart slugs
  7 orcs
  3 ball pythons (D:1)
  4 endoplasms
  2 giant cockroaches
  3 goblins
  A hobgoblin (D:3)
  A jackal (D:4)
  5 kobolds
  3 bats (D:1)
  2 rats
57 creatures vanquished.

Vanquished Creatures (others)
  A wraith (D:6)
1 creature vanquished.

Grand Total: 103 creatures vanquished

Notes
Turn   | Place    | Note
-------+----------+-------------------------------------------
     0 | D:1      | Armakuni the Human Summoner began the quest for the Orb.
     0 | D:1      | Reached XP level 1. HP: 13/13 MP: 3/3
     6 | D:1      | Noticed a rime drake
     6 | D:1      | Noticed a polar bear
     6 | D:1      | Noticed a water moccasin
     6 | D:1      | Noticed a swamp worm
    70 | D:1      | Reached skill level 1 in Fighting
   175 | D:1      | Reached XP level 2. HP: 19/21 MP: 3/5
  1493 | D:2      | You fall into a shaft and drop 1 floor!
  1687 | D:3      | Found a faded altar of an unknown god.
  1733 | D:3      | Reached XP level 3. HP: 28/28 MP: 3/6
  1737 | D:3      | Learned a level 3 spell: Call Canine Familiar
  2000 | D:2      | Found Innunu's Book Boutique.
  2621 | D:3      | Found a snail-covered altar of Cheibriados.
  2949 | D:3      | Reached XP level 4. HP: 34/34 MP: 1/7
  3514 | D:4      | Reached skill level 5 in Summonings
  3684 | D:4      | Reached XP level 5. HP: 39/39 MP: 4/8
  4046 | D:4      | Learned a level 4 spell: Summon Lightning Spire
  4121 | D:4      | Found Weuj's Book Shop.
  4212 | D:4      | Found Quxut's Assorted Antiques.
  4217 | D:4      | Bought a fuming puce potion for 21 gold pieces
  4217 | D:4      | Bought a scroll labelled YSUURYE ORONN for 24 gold pieces
  4217 | D:4      | Bought a scroll labelled ZONUFU XOUD for 24 gold pieces
  4217 | D:4      | Bought a viscous cyan potion for 21 gold pieces
  4493 | D:4      | Found Bynodik's Book Shoppe.
  4534 | D:4      | Found Xiofueq's Assorted Antiques.
  4543 | D:4      | Bought a bubbling sapphire potion for 21 gold pieces
  4543 | D:4      | Bought a scroll labelled ALLEEVE HURUG for 24 gold pieces
  4646 | D:4      | Noticed a phantom
  4680 | D:4      | Killed a phantom
  4681 | D:4      | Reached XP level 6. HP: 29/45 MP: 7/10
  5095 | D:5      | Entered Level 5 of the Dungeon
  5095 | D:5      | Noticed a black bear
  5108 | D:4      | Killed a black bear
  5348 | D:4      | Learned a level 3 spell: Summon Guardian Golem
  5349 | D:5      | Found a staircase to the Ecumenical Temple.
  5365 | Temple   | Entered the Ecumenical Temple
  5545 | Temple   | Became a worshipper of Gozag Ym Sagoz the Greedy
  5728 | D:5      | Gained mutation: You are partially covered in large bone
                  | plates. (SH +4) [potion of mutation]
  5728 | D:5      | Gained mutation: Your flesh is cold resistant. (rC+)
                  | [potion of mutation]
  5728 | D:5      | Gained mutation: You are frail. (-10% HP) [potion of
                  | mutation]
  5728 | D:5      | Gained mutation: You have large cloven feet. [potion of
                  | mutation]
  5893 | D:5      | Noticed Pikel
  6179 | D:5      | Killed Pikel
  6180 | D:5      | Reached skill level 5 in Spellcasting
  6180 | D:5      | Reached skill level 6 in Summonings
  6180 | D:5      | Reached XP level 7. HP: 43/45 MP: 5/15
  6180 | D:5      | Reached XP level 8. HP: 49/51 MP: 5/16
  6440 | D:5      | Noticed Blork the orc
  6460 | D:5      | Killed Blork the orc
  6462 | D:5      | Reached skill level 7 in Summonings
  6763 | D:5      | Found a broken altar of Ashenzari.
  6763 | D:5      | Found a white marble altar of Elyvilon.
  6894 | D:5      | Found a hide-covered altar of Uskayaw.
  7200 | D:6      | Noticed a wraith
  7219 | D:6      | Killed a wraith
  7256 | D:6      | Noticed a cyclops
  7693 | D:6      | Reached skill level 8 in Summonings
  7851 | D:6      | Killed a cyclops
  7852 | D:6      | Reached XP level 9. HP: 28/55 MP: 15/19
  8591 | D:7      | Noticed Dowan
  8596 | D:7      | Noticed Duvessa
  8608 | D:7      | Killed Dowan
  8614 | D:7      | Killed by an exploding themself... ignited by their inner
                  | flame

Illustrated notes

Levels and vault maps discovered:
D:1:      onia_arrival_zoo_common, layout_rooms, minmay_hexomino_u4
D:2:      layout_basic, serial_shops, shop
D:3:      layout_loops_cross, overflow_temple_1_default, basic_ecumenical_altar
D:4:      layout_loops_ring, serial_shops, shop, shop_fountains, shop,
          nicolae_shop_statue_plus
D:5:      layout_loops_cross, nicolae_uskayaw_suspiria,
          gammafunk_temple_overflow_elements, minmay_temple_entry_arrows,
          kennysheep_generic_room_11, uniq_blork_the_orc, uniq_pikel
D:6:      layout_basic, lightli_sewer_entry_pipes, hangedman_minor_gate_pass
D:7:      layout_basic, uniq_duvessa
Temple:   compressed_dpeg_triangle_lava_temple

Skill      XL: |  1  2  3  4  5  6  7  8  9 |
---------------+----------------------------+-----
Fighting       | 1 2 |  2.3
Summonings     | 5 6 8 |  8.2
Spellcasting   | 3 5 6 |  6.8
Air Magic      | 3 4 |  4.0
Dodging        | |  2.0
Stealth        | |  2.0

Action                   |  1- 3 |  4- 6 |  7- 9 || total
-------------------------+-------+-------+-------++-------
Melee: Dagger            |    16 |    52 |   101 ||   169
       Club              |     2 |       |       ||     2
       Whip              |    36 |       |       ||    36
       Hand axe          |     1 |    54 |       ||    55
       Kick              |       |    10 |    23 ||    33
 Cast: Summon Small Mamm |    49 |     5 |       ||    54
       Call Canine Famil |     5 |    26 |    17 ||    48
       Summon Guardian G |       |       |     6 ||     6
       Summon Lightning  |       |       |     1 ||     1
Evoke: Wand              |     1 |    15 |       ||    16
  Use: Scroll            |     5 |     7 |     4 ||    16
       Potion            |       |     9 |     2 ||    11
 Stab: Sleeping          |     2 |     1 |     1 ||     4
       Distracted        |       |     1 |     2 ||     3
       Invisible         |       |     3 |     1 ||     4
       Paralysed         |       |     3 |       ||     3
Armor: Robe              |    22 |    28 |    26 ||    76
Dodge: Dodged            |    64 |    69 |    59 ||   192
Block: Other             |       |     6 |    18 ||    24

Table legend: (Time is in decaauts)
 A = Elapsed time spent in this place.
 B = Non-inter-level travel time spent in this place.
 C = Inter-level travel time spent in this place.
 D = Time resting spent in this place.
 E = Time spent auto-exploring this place.
 F = Levels seen in this place.
 G = Mean time per level.
                   A        B        C        D        E       F      G
               +--------+--------+--------+--------+--------+-----+--------+
         Total |   8667 |   8377 |    290 |   2437 |   4130 |   8 | 1083.4 |
       Dungeon |   8468 |   8195 |    273 |   2437 |   3966 |   7 | 1209.7 |
        Temple |    198 |    181 |     17 |      0 |    164 |   1 |  198.0 |
               +--------+--------+--------+--------+--------+-----+--------+

Top non-repeatable levels by time:
     D:4: 1815 daAuts
     D:5: 1616 daAuts
     D:1: 1423 daAuts
     D:6: 1339 daAuts
     D:3: 1191 daAuts
     D:2: 854 daAuts
     D:7: 227 daAuts
  Temple: 198 daAuts
